cohdb
Replays
Latest Replays
All Replays
Popular Replays
Top Player Replays
Match Explorer
How It Works
Community
CoH3 Stats
Reddit
Sign in to upload your games and track your stats! →
Sign in with Steam
Match 46741245
Unlisted
Match 46741245
Overview
Messages
Build Orders
End
Construct Infanterie Kompanie
Grenadier Squad
MG 42 Machine Gun Team
Grenadier Squad
Grenadier Squad
Infanterie Officer Quarters
Construct Panzergrenadier Kompanie
Panzergrenadier Squad
GrW 34 Mortar Team
Selects Mechanized Battlegroup
Pak 40 Anti-tank Gun Team
Construct Panzer Kompanie
Selects Raid Package
Selects StuG Assault Group
Selects UNKNOWN (2160084)
Panther Heavy Tank
Pioneer Squad
Selects Spotting Scopes
Panzer Officer Quarters
Selects Wespe Self-propelled Artillery
Wespe Self-propelled Artillery
Panther Heavy Tank
Pioneer Squad
Selects Mechanized Assault
Panzergrenadier Squad
Selects Mechanized Assault
MG 42 Machine Gun Team
Mechanized Assault
Stoßtruppen Squad
Stoßtruppen Squad
Dune_el
Potato slicer
aSIIDemolitionHammer
sous hulk
0
0
Comments
sign in to comment!
No comments posted yet!